 Dungeon Crawl Stone Soup version 0.30-a0-715-gdb4ae3ece1 (webtiles) character file.

Game seed: 2156075577363018186

249 purpskrrrp the Shooter (level 5, -5/41 HPs)
             Began as a Demonspawn Hunter on Jan 23, 2023.
             Was an Initiate of Gozag.
             Slain by an orc priest
             ... wielding a +0 flail
              (10 damage)
             ... on level 4 of the Dungeon on Jan 24, 2023.
             The game lasted 00:06:23 (3661 turns).

purpskrrrp the Shooter (Demonspawn Hunter)          Turns: 3661, Time: 00:06:23

Health: -5/41      AC:  3    Str: 11    XL:     5   Next: 87%
Magic:  5/5        EV: 13    Int: 11    God:    Gozag
Gold:   537        SH:  0    Dex: 18    Spells: 4/4 levels left

rFire   . . .      SeeInvis .    a - +0 shortbow
rCold   . . .      Faith    .    (shield currently unavailable)
rNeg    . . .      Spirit   .    c - +0 leather armour
rPois   .          Reflect  .    (helmet restricted)
rElec   .          Harm     .    (no cloak)
rCorr   .          Rampage  .    (no gloves)
Will    .....                    (no boots)
Stlth   ++                       (no amulet)
HPRegen 0.26/turn                (no ring)
MPRegen 0.18/turn                (no ring)

@: about to teleport, gold aura
A: horns 1, powered by pain 1, magic regeneration
a: Renounce Religion, Potion Petition, Call Merchant, Bribe Branch


You were on level 4 of the Dungeon.
You worshipped Gozag.
Gozag was pleased with you.
You visited 1 branch of the dungeon, and saw 4 of its levels.
You also visited: Sewer.

You collected 537 gold pieces.

Inventory:

Hand Weapons
 a - a +0 shortbow (weapon)
Armour
 c - a +0 leather armour (worn)
 f - an orb of light
Wands
 k - a wand of roots (5)
Scrolls
 b - a scroll of immolation
Potions
 d - a potion of invisibility
 e - 6 potions of curing
 g - a potion of might
 h - a potion of degeneration
 i - a potion of ambrosia {unknown}
 j - a potion of haste {unknown}
 l - a potion of lignification {unknown}
 n - a potion of resistance {unknown}


   Skills:
 + Level 3.5 Fighting
 + Level 4.5 Ranged Weapons
 + Level 3.1 Dodging
 + Level 2.9 Stealth


You had 4 spell levels left.
You didn't know any spells.
Your spell library contained the following spells:

 Spells                   Type           Power      Damage    Failure   Level
 Apportation              Tloc           0%         N/A       43%         1
 Hailstorm                Conj/Ice       0%         3d3       80%         3
 Ice Form                 Ice/Tmut       0%         N/A       99%         4
 Alistair's Intoxication  Tmut/Pois      0%         N/A       100%        5
 Simulacrum               Ice/Necr       Unusable   N/A       N/A         6

Dungeon Overview and Level Annotations

Branches:
Dungeon (4/15)             Temple (0/1) D:4           Sewer (visited)

Altars:
Dithmenos
Gozag
Qazlal
Uskayaw

Shops:
D:4 [


Innate Abilities, Weirdness & Mutations

You have a pair of small horns on your head.
You sometimes gain a little power by taking damage.
You regenerate magic rapidly.


Message History

The orc wizard hits you with a +0 dagger.
The orc hits you with a +0 hand axe. The orc wizard closely misses you.
You shoot an arrow.
The arrow hits the orc priest but does no damage.
The orc priest is moderately wounded.
The orc priest closely misses you. The orc closely misses you.
The orc wizard closely misses you.
You shoot an arrow. The arrow hits the orc priest.
The orc priest is heavily wounded.
The orc priest mumbles some strange prayers to Beogh against you.
Beogh smites you! The orc barely misses you. The orc wizard misses you.
The orc priest hits you with a +0 flail!
* * * LOW HITPOINT WARNING * * *
You are too injured to fight recklessly!
You are too injured to fight recklessly!
You are too injured to fight recklessly!
You are too injured to fight recklessly!
You are too injured to fight recklessly!
You are too injured to fight recklessly!
You are too injured to fight recklessly!
You are too injured to fight recklessly!
You are too injured to fight recklessly!
You are too injured to fight recklessly!
You are too injured to fight recklessly!
You are too injured to fight recklessly!
You are too injured to fight recklessly!
You are too injured to fight recklessly!
You are too injured to fight recklessly!
You are too injured to fight recklessly!
You are too injured to fight recklessly!
You are too injured to fight recklessly!
You are too injured to fight recklessly!
You are too injured to fight recklessly!
You are too injured to fight recklessly!
As you read the scroll of teleportation, it crumbles to dust.
You feel strangely unstable. The orc barely misses you.
The orc wizard closely misses you.
The orc priest hits you with a +0 flail!
You die...
Your body crumbles into a pile of gold.

8.......## #............#
..8..##..## #...∩........#
.....#....####...........#
.....#.##..###)..........##
....... ##................#
......# #...#.....)......#
.....# ##................
.... ##.#.#.....#####..
.... #.....o@####
#...#.8.#oo.#
...#......o#...#
#.#...8.>.8...#.# #
..#.......#.. .#
##...#.8.#..... .#
##............. .
#...#.#........ #.... .$..
...


You could see an orc priest, an orc wizard and 2 orcs.

Vanquished Creatures
  An ogre (D:3)
  6 adders
  A white imp (D:4)
  6 worms
  A dart slug (D:4)
  10 orcs
  9 ball pythons
  A bat (D:2)
  13 endoplasms
  A giant cockroach (D:2)
  6 goblins
  5 hobgoblins
  8 kobolds
  2 quokkas
  6 frilled lizards
  3 rats
79 creatures vanquished.

Vanquished Creatures (others)
  5 plants (D:2)
  5 withered plants (D:2)
10 creatures vanquished.

Grand Total: 89 creatures vanquished

Notes
Turn   | Place    | Note
-------+----------+-------------------------------------------
     0 | D:1      | purpskrrrp the Demonspawn Hunter began the quest for the
                  | Orb.
     0 | D:1      | Reached XP level 1. HP: 16/16 MP: 1/1
    98 | D:1      | Reached skill level 1 in Stealth
   179 | D:1      | Discovered your monstrous ancestry.
   179 | D:1      | Gained mutation: You have a pair of small horns on your
                  | head. [demonic ancestry]
   179 | D:1      | Reached XP level 2. HP: 22/22 MP: 2/2
   928 | D:2      | Found a stormy altar of Qazlal.
  1017 | D:2      | Found a faded altar of an unknown god.
  1098 | D:2      | Gained mutation: You sometimes gain a little power by
                  | taking damage. [demonic ancestry]
  1098 | D:2      | Reached XP level 3. HP: 24/28 MP: 3/3
  1744 | D:2      | Prayed at the altar of an unknown god.
  1744 | D:2      | Became a worshipper of Gozag Ym Sagoz the Greedy
  1851 | D:3      | Found a shadowy altar of Dithmenos.
  1851 | D:3      | Found a hide-covered altar of Uskayaw.
  1867 | D:3      | Reached skill level 4 in Ranged Weapons
  2078 | D:3      | Reached XP level 4. HP: 34/34 MP: 4/4
  2172 | D:3      | Noticed an ogre
  2177 | D:3      | Killed an ogre
  2178 | D:3      | Gained mutation: You regenerate magic rapidly. [demonic
                  | ancestry]
  2178 | D:3      | Reached XP level 5. HP: 41/41 MP: 5/5
  2698 | D:4      | Found a glowing drain.
  2708 | Sewer    | Entered a sewer
  3572 | D:4      | Found a staircase to the Ecumenical Temple.
  3574 | D:4      | Found Josotie's Antique Armour Shoppe.
  3661 | D:4      | Slain by an orc priest

Illustrated notes

Levels and vault maps discovered:
D:1:      denvon_arrival_planthouse, layout_basic, dk_noncrumbling_2,
          minmay_crystal_room, minmay_pentomino_o4
D:2:      layout_basic, basic_altar, shapermc_ecumenical_altar_flowoftime,
          minmay_misc_feat_square
D:3:      layout_basic, jmf_multi_god_temple
D:4:      wad_pebble_path, layout_cave_pods, minmay_temple_entry_sparse_star,
          portal_sewer_entry_d, serial_shops, shop, nicolae_shop_crystal,
          nicolae_shop_waterfront, nicolae_inconvenience_store,
          serial_bayou_crossing

Skill      XL: |  1  2  3  4  5 |
---------------+----------------+-----
Stealth        | 1 2 |  2.9
Dodging        | 2 3 |  3.1
Ranged Weapons | 4 |  4.5
Fighting       | 3 |  3.5

Action                     |  1- 3 |  4- 6 || total
---------------------------+-------+-------++-------
   Fire: Shortbow          |   107 |   150 ||   257
    Use: Scroll            |     5 |     5 ||    10
 Armour: Leather armour    |     3 |    15 ||    18
  Dodge: Dodged            |    14 |    76 ||    90

Table legend: (Time is in decaauts)
 A = Elapsed time spent in this place.
 B = Non-inter-level travel time spent in this place.
 C = Inter-level travel time spent in this place.
 D = Time resting spent in this place.
 E = Time spent auto-exploring this place.
 F = Levels seen in this place.
 G = Mean time per level.
                   A        B        C        D        E       F      G
               +--------+--------+--------+--------+--------+-----+--------+
         Total |   3812 |   3683 |    129 |    552 |   2459 |   5 |  762.4 |
       Dungeon |   3059 |   2930 |    129 |    228 |   2168 |   4 |  764.8 |
         Sewer |    753 |    753 |      0 |    324 |    291 |   1 |  753.0 |
               +--------+--------+--------+--------+--------+-----+--------+

Top non-repeatable levels by time:
     D:1: 931 daAuts
     D:2: 880 daAuts
   Sewer: 753 daAuts
     D:3: 696 daAuts
     D:4: 551 daAuts
